 Dungeon Sprint DCSS version 0.28-a0-71-g84acfa7270 (webtiles) character file.

Game seed: 6200903887527472486

3050 Zeldest the Grappler (level 9, -3/51 HPs)
             Began as a Vine Stalker Transmuter on Aug 2, 2021.
             Was an Elder of Cheibriados.
             Slain by a five-headed hydra (4 damage)
             ... in the Dungeon (Sprint IX: "|||||||||||||||||||||||||||||").
             The game lasted 00:02:30 (172 turns).

Zeldest the Grappler (Vine Stalker Transmuter)       Turns: 172, Time: 00:02:31

Health: -3/51      AC: 14    Str: 25    XL:     9   Next: 87%
Magic:  0/16       EV: 14    Int: 22    God:    Cheibriados [****..]
Gold:   0          SH:  0    Dex: 24    Spells: 10/13 levels left

rFire   . . .      SeeInvis .     - Unarmed
rCold   . . .      Faith    .   (no shield)
rNeg    . . .      Spirit   +   i - +0 plate armour
rPois   .          Reflect  .   (helmet currently unavailable)
rElec   .          Harm     .   h - +0 cloak
rCorr   .          Rampage  .   (no gloves)
Will    +....      NoTele   +   (boots currently unavailable)
Stlth   ..........              (no amulet)
HPRegen 1.17/turn               k - +2 ring of evasion
MPRegen 0.15/turn               (no ring)

@: appendages, wereblooded, very slow
A: horns 2, talons 2, fangs 3, regeneration 1, magic shield, antimagic bite, no
potion heal 2
a: End Transformation, Renounce Religion, Bend Time, Temporal Distortion, Slouch


You were in the Dungeon.
You worshipped Cheibriados.
Cheibriados was greatly pleased with you.
You had temporarily grown beastly horns and talons.
You visited 1 branch

Inventory:

Armour
 a - a +0 robe
 h - a +0 cloak (worn)
 i - a +0 plate armour (worn)
Jewellery
 j - a +3 ring of intelligence
 k - a +2 ring of evasion (left hand)
Scrolls
 e - 2 scrolls of amnesia
 f - a scroll of blinking
Potions
 b - 5 potions of curing


   Skills:
 + Level 8.2 Fighting
 + Level 7.2 Armour
 + Level 7.6 Dodging
 + Level 10.9 Unarmed Combat
 - Level 2.8 Spellcasting
 + Level 9.4 Transmutations
 + Level 8.9 Invocations


You had 10 spell levels left.
You knew the following spells:

 Your Spells              Type           Power      Damage    Failure   Level
a - Beastly Appendage     Tmut           88%        N/A       3%          1
b - Wereblood             Tmut           44%        N/A       4%          2

Your spell library contained the following spells:

 Spells                   Type           Power      Damage    Failure   Level
 Spider Form              Tmut/Pois      11%        N/A       56%         3
 Ice Form                 Ice/Tmut       23%        N/A       92%         4


Dungeon Overview and Level Annotations

Branches:
Dungeon (1/1)

Altars:
Cheibriados
Dithmenos
Elyvilon
Fedhas
Gozag
Hepliaklqana
Kikubaaqudgha
Makhleb
Nemelex Xobeh
Okawaru
Qazlal
Ru
Sif Muna
Trog
Uskayaw
Vehumet
Wu Jian
Xom
Yredelemnul
Zin
The Shining One
Beogh
Jiyva
Lugonu


Innate Abilities, Weirdness & Mutations

You have temporarily grown beastly horns and talons.
You have razor-sharp teeth.
Your natural rate of healing is unusually fast.
When hurt, damage is shared between your health and your magic reserves.
Your bite disrupts and absorbs the magic of your enemies.
Potions cannot restore your health.


Message History

Magic courses through your body.
You howl as the wereblood boils in your veins!
The centaur warrior shoots an arrow.
The arrow hits you!
* * * LOW HITPOINT WARNING * * *
The arrow freezes you.
The centaur warrior unwields a +1 longbow of freezing.
The centaur warrior hits you.
* * * LOW HITPOINT WARNING * * *
The centaur warrior kicks you but does no damage.
The centaur warrior barely misses you.
The centaur warrior kicks you but does no damage.
The centaur warrior hits you but does no damage.
The centaur warrior kicks you but does no damage.
Things that are here:
4 large rocks; a manticore corpse You punch the centaur warrior!
You claw the centaur warrior! You headbutt the centaur warrior!
You bite the centaur warrior. You drain its power.
You feel invigorated.
The centaur warrior is almost dead.
The centaur warrior hits you but does no damage.
The centaur warrior kicks you but does no damage.
You punch the centaur warrior!
You feel a bit better.
You kill the centaur warrior!
Cheibriados thoroughly appreciates the change of pace.
You can now inflict damage on those overly hasty.
Cheibriados raises the support of your attributes as your movement slows.
Your Fighting skill increases to level 8!
Your Armour skill increases to level 7!
Your Transmutations skill increases to level 9!
You barely miss the five-headed hydra. You claw the five-headed hydra.
You headbutt the five-headed hydra! You bite the five-headed hydra!
You drain its power.
You feel invigorated.
The five-headed hydra is almost dead.
The five-headed hydra barely misses you.
The five-headed hydra closely misses you.
The five-headed hydra bites you!
* * * LOW HITPOINT WARNING * * *
The five-headed hydra barely misses you.
The five-headed hydra bites you.
You die... ▓▓▓▓▓▓▓▓▓▓▓▓▓▓▓▓▓▓▓▓▓▓▓ +...yD@'.)..).'....[.). ▓▓▓▓▓▓▓▓▓▓▓▓▓▓▓▓▓▓▓▓▓▓▓

You could see a five-headed hydra (corroded) and a vampire mosquito (corroded).

Vanquished Creatures
  A centaur warrior (D)
  A two-headed ogre (D)
  A manticore (D)
  A cyclops (D)
  An unseen horror (D)
  A hornet (D)
  A slime creature (D)
  A wraith (D)
  A yak (D)
  A kobold brigand (D)
  An orc wizard (D)
  An adder (D)
  A dart slug (D)
  An orc (D)
  A ball python (D)
  2 bats (D)
  A goblin (D)
  A ball python zombie (D)
  A quokka zombie (D)
20 creatures vanquished.

Notes
Turn   | Place    | Note
-------+----------+-------------------------------------------
     0 | D        | Zeldest the Vine Stalker Transmuter began the quest for the
                  | Orb.
     0 | D        | Reached XP level 1. HP: 9/9 MP: 4/4
     6 | D        | Reached skill level 1 in Fighting
    28 | D        | Reached XP level 2. HP: 11/15 MP: 4/6
    42 | D        | Reached skill level 5 in Unarmed Combat
    42 | D        | Reached XP level 3. HP: 16/18 MP: 5/8
    44 | D        | Reached skill level 6 in Unarmed Combat
    51 | D        | Found a snail-covered altar of Cheibriados.
    51 | D        | Found a shadowy altar of Dithmenos.
    51 | D        | Found a white marble altar of Elyvilon.
    51 | D        | Found a blossoming altar of Fedhas.
    51 | D        | Found an opulent altar of Gozag.
    52 | D        | Found a hazy altar of Hepliaklqana.
    53 | D        | Found a viscous altar of Jiyva.
    54 | D        | Found an ancient bone altar of Kikubaaqudgha.
    55 | D        | Became a worshipper of Cheibriados the Contemplative
    56 | D        | Found a corrupted altar of Lugonu.
    57 | D        | Found a burning altar of Makhleb.
    58 | D        | Found a sparkling altar of Nemelex Xobeh.
    59 | D        | Found an iron altar of Okawaru.
    60 | D        | Found a stormy altar of Qazlal.
    61 | D        | Found a sacrificial altar of Ru.
    62 | D        | Found a shimmering blue altar of Sif Muna.
    63 | D        | Found a bloodstained altar of Trog.
    64 | D        | Found a hide-covered altar of Uskayaw.
    65 | D        | Found a radiant altar of Vehumet.
    66 | D        | Found an ornate altar of the Wu Jian Council.
    67 | D        | Found a shimmering altar of Xom.
    68 | D        | Found a basalt altar of Yredelemnul.
    69 | D        | Found a glowing silver altar of Zin.
    70 | D        | Found a glowing golden altar of the Shining One.
   111 | D        | Noticed a kobold brigand
   111 | D        | Noticed a yak
   111 | D        | Noticed a two-headed ogre
   111 | D        | Noticed a wraith
   111 | D        | Noticed a hornet
   115 | D        | Paralysed by a hornet for 1 turns
   118 | D        | Killed a hornet
   119 | D        | Reached skill level 7 in Unarmed Combat
   119 | D        | Gained mutation: Your natural rate of healing is unusually
                  | fast. [Vine Stalker growth]
   119 | D        | Reached XP level 4. HP: 2/25 MP: 0/9
   119 | D        | Reached XP level 5. HP: 2/29 MP: 0/10
   119 | D        | Reached XP level 6. HP: 2/33 MP: 0/11
   119 | D        | HP: 1/33 [something (3)]
   121 | D        | Killed a yak
   121 | D        | Killed a two-headed ogre
   121 | D        | Reached * piety under Cheibriados
   122 | D        | Reached skill level 5 in Armour
   122 | D        | Reached skill level 5 in Dodging
   122 | D        | Reached skill level 9 in Unarmed Combat
   122 | D        | Reached XP level 7. HP: 4/40 MP: 6/12
   122 | D        | Gained mutation: You have razor-sharp teeth. [Vine Stalker
                  | growth]
   122 | D        | Reached XP level 8. HP: 4/44 MP: 6/13
   122 | D        | Killed a wraith
   126 | D        | Killed an unseen horror
   126 | D        | Reached ** piety under Cheibriados
   150 | D        | Learned a level 2 spell: Wereblood
   153 | D        | Noticed a five-headed hydra
   153 | D        | Noticed a centaur warrior
   153 | D        | Noticed a slime creature
   153 | D        | Noticed a manticore
   153 | D        | Noticed a cyclops
   159 | D        | Killed a cyclops
   160 | D        | Reached skill level 10 in Unarmed Combat
   160 | D        | Reached XP level 9. HP: 6/50 MP: 3/15
   162 | D        | HP: 2/50 [manticore (2)]
   164 | D        | Killed a manticore
   164 | D        | Reached *** piety under Cheibriados
   167 | D        | HP: 1/50 [centaur warrior/arrow (3)]
   171 | D        | Killed a centaur warrior
   171 | D        | Reached **** piety under Cheibriados
   172 | D        | HP: 1/51 [five-headed hydra (6)]
   172 | D        | Slain by a five-headed hydra

Illustrated notes

Levels and vault maps discovered:
D:        linesprint [early_d, line_temple, items_1, d_10, items_2, lair_1,
          lair_end, items_3, orc_1, orc_end, items_4, d_15, swamp_1, shoals_1,
          snake_1, spider_1, d_20, vaults_1, items_5, swamp_end, shoals_end,
          snake_end, spider_end, vaults_end, d_27, items_6, zot_1, zot_end,
          crypt_end, forest_end, elf_end, slime_end, tomb_end, abyss_end,
          pan_hell_end]

Skill      XL: |  1  2  3  4  5  6  7  8  9 |
---------------+----------------------------+-----
Fighting       | 1 3 6 7 8 |  8.2
Dodging        | 2 3 5 6 7 |  7.6
Unarmed Combat | 5 7 9 10 | 10.9
Armour         | 3 5 6 7 |  7.2
Transmutations | 4 7 8 9 |  9.4
Invocations    | 4 6 7 8 |  8.9
Spellcasting   | |  2.8

Action                   |  1- 3 |  4- 6 |  7- 9 || total
-------------------------+-------+-------+-------++-------
Melee: Unarmed           |    33 |       |    15 ||    48
       Bite              |     8 |       |     7 ||    15
       Punch             |     1 |       |       ||     1
       Kick              |     3 |       |    11 ||    14
       Headbutt          |       |       |     6 ||     6
 Cast: Beastly Appendage |     3 |       |     1 ||     4
       Wereblood         |       |       |     1 ||     1
Evoke: Wand              |     2 |     1 |     7 ||    10
  Use: Potion            |     3 |     1 |     3 ||     7
       Scroll            |       |     1 |       ||     1
 Stab: Invisible         |     1 |       |       ||     1
Armor: Robe              |     8 |       |       ||     8
       Plate armour      |     1 |     3 |    14 ||    18
Dodge: Dodged            |    24 |     1 |    11 ||    36

Table legend: (Time is in decaauts)
 A = Elapsed time spent in this place.
 B = Non-inter-level travel time spent in this place.
 C = Inter-level travel time spent in this place.
 D = Time resting spent in this place.
 E = Time spent auto-exploring this place.
 F = Levels seen in this place.
 G = Mean time per level.
                   A        B        C        D        E       F      G
               +--------+--------+--------+--------+--------+-----+--------+
         Total |    180 |    180 |      0 |      0 |      0 |   1 |  180.0 |
       Dungeon |    180 |    180 |      0 |      0 |      0 |   1 |  180.0 |
               +--------+--------+--------+--------+--------+-----+--------+

Top non-repeatable levels by time:
       D: 180 daAuts
